 Dungeon Crawl Stone Soup version 0.29-a0-319-gad05b8d819 (webtiles) character file.

Game seed: 4825397006028882903

15068 zishaf the Frost Mage (level 12, -4/86 HPs)
             Began as a Barachi Ice Elementalist on Apr 1, 2022.
             Was a Priest of Dithmenos.
             Slain by a boulder beetle (50 damage)
             ... on level 12 of the Dungeon.
             The game lasted 00:52:50 (13333 turns).

zishaf the Frost Mage (Barachi Ice Elementalist)   Turns: 13333, Time: 00:52:50

Health: -4/86      AC: 26    Str: 13    XL:     12   Next: 23%
Magic:  18/22      EV: 14    Int: 25    God:    Dithmenos [***...]
Gold:   703        SH:  6    Dex: 15    Spells: 1/25 levels left

rFire   . . .      SeeInvis .   a - +5 long sword (freeze)
rCold   . . .      Faith    .   q - +0 buckler
rNeg    . . .      Spirit   .   G - +3 robe "Pelogarph" {Int+4 Stlth- Archmagi}
rPois   .          Reflect  .   M - +2 hat {Stlth+}
rElec   .          Harm     .   j - +1 cloak
rCorr   .          Rampage  .   p - +0 pair of gloves
Will    .....      Archmagi +   B - +0 pair of boots
Stlth   +++.......              (no amulet)
HPRegen 0.24/turn               g - +4 ring of protection
MPRegen 0.18/turn               (no ring)

@: ice-armoured, wreathed by umbra, slow
A: amphibious, slowness 1, strong legs 1, +LOS, agile 1, strong 2
a: Hop, Renounce Religion, Shadow Step


You were on level 12 of the Dungeon.
You worshipped Dithmenos.
Dithmenos was most pleased with you.
You visited 2 branches of the dungeon, and saw 13 of its levels.

You collected 703 gold pieces.

Inventory:

Hand Weapons
 a - a +5 long sword of freezing (weapon)
 b - a +0 hunting sling
 c - a +3 scimitar
 w - a +2 falchion of holy wrath
Missiles
 C - 2 throwing nets
Armour
 h - a +0 robe of fire resistance
 j - a +1 cloak (worn)
 m - a +0 kite shield
 p - a +0 pair of gloves (worn)
 q - a +0 buckler (worn)
 B - a +0 pair of boots (worn)
 G - the +3 robe "Pelogarph" (worn) {Int+4 Stlth- Archmagi}
   (You found it on level 7 of the Dungeon)

   Int:       It affects your intelligence (+4).
   Archmagi:  It increases the power of your magical spells.
   Stlth:     It makes you less stealthy.
 M - a +2 hat of stealth (worn)
Jewellery
 g - a +4 ring of protection (left hand)
Wands
 e - a wand of iceblast (12)
 i - a wand of acid (6)
 y - a wand of charming (2)
 N - a wand of paralysis (6)
 P - a wand of digging (6)
Scrolls
 l - a scroll of amnesia
 s - 4 scrolls of immolation
 v - 5 scrolls of teleportation
 x - 4 scrolls of vulnerability
 A - 5 scrolls of fog
 D - a scroll of brand weapon
 E - a scroll of summoning
 F - a scroll of silence
 H - 4 scrolls of identify
 J - 2 scrolls of magic mapping
 L - 2 scrolls of fear
Potions
 d - 5 potions of curing
 f - 2 potions of haste
 k - 2 potions of heal wounds
 n - 2 potions of might
 o - 3 potions of attraction
 r - 3 potions of brilliance
 t - a potion of magic
 u - 5 potions of flight
 z - 2 potions of cancellation
 I - 3 potions of lignification
 O - a potion of mutation
Miscellaneous
 K - a piece from Xom's chessboard (13/15)


   Skills:
 - Level 5.0 Fighting
 - Level 3.0 Slings
 - Level 5.0 Dodging
 - Level 2.0 Stealth
 - Level 9.2 Shields
 - Level 7.0 Spellcasting
 - Level 6.0 Conjurations
 * Level 10.6 Summonings
 + Level 6.0 Translocations
 - Level 11.0 Ice Magic
 - Level 3.0 Invocations


You had one spell level left.
You knew the following spells:

 Your Spells              Type           Power      Damage    Failure   Level
a - Freeze                Ice            100%       1d11      1%          1
b - Frozen Ramparts       Ice            100%       1d12      1%          3
c - Ozocubu's Armour      Ice            77%        N/A       1%          3
d - Hailstorm             Conj/Ice       67%        3d14      2%          4
e - Searing Ray           Conj           100%       2d8       1%          2
f - Summon Hydra          Summ           37%        N/A       65%         7
g - Passage of Golubria   Tloc           55%        N/A       7%          4

Your spell library contained the following spells:

 Spells                   Type           Power      Damage    Failure   Level
 Magic Dart               Conj           100%       1d8       1%          1
 Shock                    Conj/Air       100%       1d9       2%          1
 Animate Skeleton         Necr           26%        N/A       9%          1
 Pain                     Necr           52%        1d6       9%          1
 Slow                     Hex            52%        N/A       9%          1
 Sublimation of Blood     Necr           13%        N/A       12%         2
 Wereblood                Tmut           13%        N/A       12%         2
 Confusing Touch          Hex            13%        N/A       24%         3
 Swiftness                Air            13%        N/A       24%         3
 Vampiric Draining        Necr           13%        2d6       24%         3
 Fulminant Prism          Conj/Hex       17%        3d11      24%         4
 Airstrike                Air            6%         N/A       63%         4
 Silence                  Hex/Air        6%         N/A       92%         5
 Lehudib's Crystal Spear  Conj/Erth      17%        10d5      100%        8


Dungeon Overview and Level Annotations

Branches:
Dungeon (12/15)            Temple (1/1) D:5            Lair (0/6) D:10
    Orc: D:9-12

Altars:
Ashenzari
Cheibriados
Dithmenos
Elyvilon
Fedhas
Gozag
Hepliaklqana
Kikubaaqudgha
Makhleb
Nemelex Xobeh
Okawaru
Qazlal
Ru
Sif Muna
Trog
Uskayaw
Vehumet
Wu Jian
Xom
Yredelemnul
Zin
The Shining One
Beogh

Shops:
D:2 *   D:11 *

Annotations:
D:3 3 runed translucent doors, NinjaNoafa's ghost, amateur GnAM


Innate Abilities, Weirdness & Mutations

You are amphibious.
You cover ground slowly.
You can hop short distances.
You have an extended range of vision and can be seen from far away.
You are agile. (Dex +2)
Your muscles are very strong. (Str +4)


Message History

The walls around you are covered in ice.
The wall freezes the boulder beetle!
The boulder beetle bites you!
You slash the boulder beetle! You freeze the boulder beetle.
The boulder beetle is moderately wounded.
The orc throws a boomerang.
The boomerang hits you but does no damage.
The wall freezes the boulder beetle.
You block the boulder beetle's attack.
The wall freezes the boulder beetle.
The boulder beetle bites you!
The orc throws a boomerang.
The boomerang hits you but does no damage.
You hit the boulder beetle but do no damage.
The boulder beetle is moderately wounded.
The orc throws a boomerang.
The boomerang hits you but does no damage.
The wall freezes the boulder beetle!
The boulder beetle barely misses you.
You slash the boulder beetle! You freeze the boulder beetle.
The boulder beetle is heavily wounded.
The wall freezes the boulder beetle.
The boulder beetle closely misses you.
You barely miss the boulder beetle.
The boulder beetle is heavily wounded.
The wall freezes the boulder beetle.
The boulder beetle bites you but does no damage.
The wall freezes the boulder beetle!
The boulder beetle bites you but does no damage.
You hit the boulder beetle but do no damage.
The boulder beetle is severely wounded.
The orc throws a boomerang.
You block the boomerang.
The wall freezes the boulder beetle.
The boulder beetle bites you!!
You barely miss the boulder beetle.
The boulder beetle is severely wounded.
The wall freezes the boulder beetle.
The boulder beetle leaps!
The orc throws a boomerang.
The boomerang hits you.
The boulder beetle curls into a ball and begins rolling!
You hit the orc but do no damage. The orc closely misses you.
You hit the orc. You freeze the orc.
The orc is moderately wounded.
The frozen ramparts melt away.
The orc barely misses you. The boulder beetle hits you!!!
Ouch! That really hurt!
You die...

####....##
#.........
#......... #...°....
#...°.[ ... #..°..
...
#.○.############..
#Bo.#..........#..
#@..#..........#..
###...'..........#..
#.....#..........#..
####..#........).#..
#..###'######'#..
##...............
#...#####.......
#...'...#.......
#...#...#.......


You could see a boulder beetle (rolling) and an orc.

Vanquished Creatures
  Gastronok (D:10)
  A two-headed ogre (D:9)
  Urug (D:10)
  2 ugly things
  A manticore (D:8)
  2 gargoyles
  Maggie (D:9)
  2 kobold demonologists (D:11)
  2 komodo dragons
  2 trolls
  5 slime creatures (D:11)
  3 shadows
  A vampire (D:9)
  2 wraiths
  Sigmund (D:2)
  10 yaks
  3 wyverns
  A steam dragon (D:9)
  3 water moccasins
  An acid dragon (D:11)
  2 orc warriors
  3 black bears
  An ogre (D:5)
  8 centaurs
  A phantom (D:5)
  5 kobold brigands
  6 bullfrogs
  3 necrophages
  3 gnoll sergeants
  4 scorpions
  10 wights
  8 killer bees
  A howler monkey (D:8)
  2 vampire bats (D:4)
  5 hounds
  6 orc priests
  7 gnoll shamans
  5 iguanas
  Natasha (thrice) (D:2)
  3 orc wizards
  34 gnolls
  6 adders
  2 shadow imps
  2 white imps
  4 worms
  3 dart slugs
  27 orcs
  10 endoplasms
  6 giant cockroaches
  7 goblins
  6 hobgoblins
  9 jackals
  3 quokkas
  7 ball pythons
  15 bats
  7 frilled lizards
  26 kobolds
  8 rats
313 creatures vanquished.

Vanquished Creatures (others)
  15 fungi (D:10)
  10 plants (D:10)
25 creatures vanquished.

Grand Total: 338 creatures vanquished

Notes
Turn   | Place    | Note
-------+----------+-------------------------------------------
     0 | D:1      | zishaf the Barachi Ice Elementalist began the quest for the
                  | Orb.
     0 | D:1      | Reached XP level 1. HP: 13/13 MP: 3/3
   129 | D:1      | Reached skill level 5 in Ice Magic
   129 | D:1      | Reached XP level 2. HP: 20/20 MP: 5/5
   307 | D:1      | Reached skill level 1 in Fighting
   418 | D:1      | Reached XP level 3. HP: 26/26 MP: 6/6
   664 | D:2      | Learned a level 3 spell: Frozen Ramparts
   668 | D:2      | Learned a level 3 spell: Ozocubu's Armour
   923 | D:2      | Noticed Sigmund
  1013 | D:2      | Reached skill level 1 in Slings
  1040 | D:2      | Reached XP level 4. HP: 22/33 MP: 4/8
  1239 | D:2      | Noticed Natasha
  1245 | D:2      | Killed Natasha
  1379 | D:2      | Noticed Natasha
  1390 | D:2      | Killed Natasha
  1453 | D:2      | Reached XP level 5. HP: 38/38 MP: 9/9
  1512 | D:2      | Noticed Natasha
  1518 | D:2      | Killed Natasha
  1564 | D:2      | Found Iblot's General Store.
  1750 | D:2      | Killed Sigmund
  1751 | D:2      | Reached skill level 6 in Ice Magic
  1751 | D:2      | Reached XP level 6. HP: 34/47 MP: 1/11
  2069 | D:3      | Found a white marble altar of Elyvilon.
  2566 | D:3      | Reached skill level 1 in Shields
  2711 | D:3      | Found a runed translucent gate.
  2711 | D:3      | Found a runed translucent gate.
  2711 | D:3      | Identified the +1 chain mail of the Realm of Zot {rC- rN++}
  2711 | D:3      | Noticed NinjaNoafa's ghost (amateur GnAM)
  2712 | D:3      | Found a runed translucent gate.
  2838 | D:4      | Gained mutation: You are partially covered in iridescent
                  | scales. (AC +2) [potion of mutation]
  2838 | D:4      | Gained mutation: You are dopey. (Int -2) [potion of
                  | mutation]
  2838 | D:4      | Gained mutation: Your system is resistant to poisons.
                  | (rPois) [potion of mutation]
  2861 | D:4      | Reached XP level 7. HP: 53/53 MP: 13/13
  3220 | D:4      | Found a glowing golden altar of the Shining One.
  3350 | D:4      | Reached skill level 7 in Ice Magic
  3570 | D:5      | Entered Level 5 of the Dungeon
  3587 | D:5      | Reached XP level 8. HP: 56/61 MP: 8/15
  3657 | D:5      | Reached skill level 5 in Fighting
  3714 | D:5      | Reached skill level 5 in Spellcasting
  3871 | D:5      | Learned a level 4 spell: Hailstorm
  3900 | D:5      | Reached skill level 1 in Conjurations
  4207 | D:5      | Found a staircase to the Ecumenical Temple.
  4241 | Temple   | Entered the Ecumenical Temple
  4731 | D:5      | Reached skill level 8 in Ice Magic
  4761 | D:5      | Found a sparkling altar of Nemelex Xobeh.
  4825 | Temple   | Became a worshipper of Dithmenos the Shadowed
  5265 | D:6      | Learned a level 2 spell: Searing Ray
  5416 | D:6      | Reached XP level 9. HP: 68/68 MP: 10/18
  5723 | D:6      | Reached skill level 5 in Shields
  6478 | D:7      | Reached * piety under Dithmenos
  6626 | D:7      | Found a snail-covered altar of Cheibriados.
  6650 | D:7      | Identified the +3 robe "Pelogarph" {Int+4 Stlth- Archmagi}
  6693 | D:7      | Reached skill level 9 in Ice Magic
  7408 | D:8      | Reached skill level 5 in Conjurations
  7414 | D:8      | Noticed a troll
  7424 | D:8      | Killed a troll
  7425 | D:8      | Reached skill level 10 in Ice Magic
  7425 | D:8      | Reached XP level 10. HP: 53/74 MP: 12/20
  7672 | D:8      | Found a broken altar of Ashenzari.
  7718 | D:8      | Noticed a manticore
  7729 | D:8      | Killed a manticore
  7731 | D:8      | Reached ** piety under Dithmenos
  8077 | D:8      | Found a stormy altar of Qazlal.
  8474 | D:9      | Noticed a two-headed ogre
  8488 | D:9      | Killed a two-headed ogre
  8489 | D:9      | Reached skill level 1 in Invocations
  8568 | D:9      | Reached skill level 11 in Ice Magic
  8729 | D:9      | Found a sacrificial altar of Ru.
  9021 | D:9      | Learned a level 7 spell: Summon Hydra
  9118 | D:9      | Noticed Maggie
  9134 | D:9      | Killed Maggie
  9135 | D:9      | Reached skill level 1 in Summonings
  9290 | D:9      | Reached XP level 11. HP: 77/79 MP: 17/21
  9723 | D:9      | Found a radiant altar of Vehumet.
 10164 | D:10     | Entered Level 10 of the Dungeon
 10300 | D:10     | Reached skill level 5 in Dodging
 10323 | D:10     | Found a staircase to the Lair.
 10415 | D:10     | Learned a level 4 spell: Passage of Golubria
 10524 | D:10     | Noticed Urug
 10622 | D:10     | Killed Urug
 10623 | D:10     | Reached skill level 5 in Summonings
 10623 | D:10     | Reached skill level 1 in Translocations
 11020 | D:10     | Noticed Gastronok
 11024 | D:10     | Reached *** piety under Dithmenos
 11075 | D:10     | Killed Gastronok
 11376 | D:11     | Lost mutation: You are partially covered in iridescent
                  | scales. (AC +2) [potion of mutation]
 11376 | D:11     | Lost mutation: Your system is resistant to poisons. (rPois)
                  | [potion of mutation]
 11376 | D:11     | Lost mutation: You are dopey. (Int -2) [potion of mutation]
 11376 | D:11     | Gained mutation: You sometimes lose the ability to read
                  | scrolls when taking damage. [potion of mutation]
 11376 | D:11     | Gained mutation: You are somewhat resistant to further
                  | mutation. [potion of mutation]
 11377 | D:11     | Lost mutation: You sometimes lose the ability to read
                  | scrolls when taking damage. [potion of mutation]
 11377 | D:11     | Lost mutation: You are somewhat resistant to further
                  | mutation. [potion of mutation]
 11377 | D:11     | Gained mutation: You are agile. (Dex +2) [potion of
                  | mutation]
 11377 | D:11     | Gained mutation: Your muscles are strong. (Str +2) [potion
                  | of mutation]
 11377 | D:11     | Gained mutation: Your muscles are very strong. (Str +4)
                  | [potion of mutation]
 11517 | D:11     | Found Hinleamm's General Store.
 11647 | D:11     | Reached skill level 5 in Translocations
 11647 | D:11     | Reached XP level 12. HP: 30/86 MP: 15/22
 12051 | D:11     | Reached skill level 10 in Summonings
 13317 | D:12     | Noticed a boulder beetle
 13333 | D:12     | Slain by a boulder beetle

Illustrated notes

Levels and vault maps discovered:
D:1:      roderic_chinese_lattice_arrival, layout_rooms, st_stairs_1,
          minmay_stone_trees_small
D:2:      layout_loops_ring, serial_shops, shop, uniq_natasha, uniq_sigmund
D:3:      layout_basic, elyvilon_altar_3, biasface_ghost_orc_armoury,
          st_stairs_10, kennysheep_generic_room_13
D:4:      minmay_spotlight, layout_cave_pools, kennysheep_mini, roderic_batcave,
          serial_bayou_pond_d, hangedman_decor_points
D:5:      layout_basic, mainiacjoe_overflow_cross_hatched,
          minmay_temple_entry_statues, hangedman_decor_push,
          serial_park_tiny_pond, hangedman_abyss_or_decor_stabs
D:6:      layout_basic
D:7:      layout_cave_pools, slow_altar_1, serial_gnoll_camp,
          gnoll_camp_mini_house, gnoll_camp_huts_basic, gnoll_camp_mini_basic,
          gnoll_camp_mini_hut
D:8:      layout_basic, nicolae_qazlal_style_of_elements,
          mainiacjoe_overflow_alcove_1, dreamdust_wishing_well
D:9:      layout_basic, lemuel_tele_altar, nicolae_ru_great_annihilating_truth,
          uniq_maggie
D:10:     layout_rooms, due_lair_maze_entry_diamond, uniq_urug, uniq_gastronok
D:11:     layout_basic, serial_shops, shop
D:12:     layout_irregular_city, hiddenorc1_lemuel
Temple:   minmay_temple_curvy_branch

Skill      XL: |  1  2  3  4  5  6  7  8  9 10 11 12 |
---------------+-------------------------------------+-----
Stealth        | 2 |  2.0
Ice Magic      | 5 6 7 8 10 11 | 11.0
Fighting       | 1 2 3 4 5 |  5.0
Slings         | 1 2 3 |  3.0
Spellcasting   | 3 4 6 7 |  7.0
Shields        | 1 2 4 7 8 9 |  9.2
Conjurations   | 3 5 6 |  6.0
Dodging        | 4 5 |  5.0
Invocations    | 3 |  3.0
Summonings     | 2 9 10 | 10.6
Translocations | 5 6 |  6.0

Action                   |  1- 3 |  4- 6 |  7- 9 | 10-12 || total
-------------------------+-------+-------+-------+-------++-------
Melee: Hunting sling     |       |     1 |       |       ||     1
       Falchion          |       |       |   161 |   121 ||   282
       Punch             |       |       |     2 |       ||     2
       Long sword        |       |       |       |    76 ||    76
 Fire: Hunting sling     |   104 |   100 |   111 |    12 ||   327
 Cast: Freeze            |    31 |    35 |    37 |    27 ||   130
       Frozen Ramparts   |       |     5 |    36 |    44 ||    85
       Ozocubu's Armour  |       |     2 |     9 |    19 ||    30
       Searing Ray       |       |       |     3 |    18 ||    21
 Abil: Hop               |       |       |     1 |     5 ||     6
Evoke: Piece from Xom's  |       |       |       |     4 ||     4
       Wand              |       |       |       |     1 ||     1
  Use: Scroll            |       |     9 |    14 |       ||    23
       Potion            |       |     1 |       |     4 ||     5
 Stab: Distracted        |       |       |     1 |       ||     1
       Sleeping          |       |       |     1 |       ||     1
Armor: Robe              |    11 |    11 |   135 |   147 ||   304
Dodge: Dodged            |    35 |    25 |   178 |   213 ||   451
Block: Buckler           |       |       |    44 |   103 ||   147

Table legend: (Time is in decaauts)
 A = Elapsed time spent in this place.
 B = Non-inter-level travel time spent in this place.
 C = Inter-level travel time spent in this place.
 D = Time resting spent in this place.
 E = Time spent auto-exploring this place.
 F = Levels seen in this place.
 G = Mean time per level.
                   A        B        C        D        E       F      G
               +--------+--------+--------+--------+--------+-----+--------+
         Total |  15022 |  14304 |    718 |   1036 |  10468 |  13 | 1155.5 |
       Dungeon |  14503 |  13845 |    658 |   1036 |  10017 |  12 | 1208.6 |
        Temple |    518 |    458 |     60 |      0 |    450 |   1 |  518.0 |
               +--------+--------+--------+--------+--------+-----+--------+

Top non-repeatable levels by time:
     D:9: 2103 daAuts
    D:11: 1661 daAuts
     D:7: 1488 daAuts
     D:5: 1367 daAuts
     D:2: 1350 daAuts
    D:10: 1224 daAuts
     D:8: 1200 daAuts
     D:3: 1124 daAuts
     D:4: 860 daAuts
     D:6: 826 daAuts
     D:1: 761 daAuts
    D:12: 534 daAuts
  Temple: 518 daAuts
